 Dungeon Crawl Stone Soup version 0.26-a0-83-g7ccd015ce0 (webtiles) character file.

Game seed: 8497482934434572525

189 Gargoyl the Skirmisher (level 5, -15/46 HPs)
             Began as a Centaur Abyssal Knight on June 16, 2020.
             Was a Believer of Lugonu.
             Blown up by an orc (27 damage)
             ... with a disintegration bolt
             ... on level 3 of the Dungeon.
             The game lasted 00:03:56 (2813 turns).

Gargoyl the Skirmisher (Centaur Abyssal Knight)     Turns: 2813, Time: 00:03:57

Health: -15/46     AC:  9    Str: 14    XL:     5   Next: 40%
Magic:  7/7        EV:  2    Int: 11    God:    Lugonu [**....]
Gold:   89         SH:  0    Dex: 10    Spells: 4/4 levels left

rFire    . . .     SeeInvis .   a - +1 hand axe
rCold    . . .     Gourm    .   (no shield)
rNeg     . . .     Faith    .   k - +0 plate armour
rPois    .         Spirit   .   (no helmet)
rElec    .         Reflect  .   (no cloak)
rCorr    .         Harm     .   (no gloves)
MR       .....                  (no barding)
Stlth    ..........             (no amulet)
HPRegen  0.15/turn              (no ring)
MPRegen  0.10/turn              (no ring)

@: slowed
A: large, hooves 3, deformed body, speed 2, tough skin 3
a: Depart the Abyss, Bend Space, Renounce Religion


You were on level 3 of the Dungeon.
You worshipped Lugonu.
Lugonu was pleased with you.
You were very hungry.

You visited 1 branch of the dungeon, and saw 3 of its levels.
You visited the Abyss 1 time.

You collected 89 gold pieces.

Inventory:

Hand Weapons
 a - a +1 hand axe (weapon)
Armour
 k - a +0 plate armour (worn)
Scrolls
 d - 3 scrolls of identify
 f - a scroll of blinking
 g - a scroll of teleportation
 j - 2 scrolls of enchant armour
Potions
 b - a potion of ambrosia {unknown}
 e - a potion of curing
 h - a potion of heal wounds {unknown}
Comestibles
 c - 5 rations


   Skills:
 + Level 3.9 Fighting
 + Level 2.8 Axes
 * Level 2.5 Armour
 * Level 1.5 Dodging
 * Level 2.9 Invocations


You had 4 spell levels left.
You didn't know any spells.
Your spell library was empty.

Dungeon Overview and Level Annotations

Branches:
Dungeon (3/15)

Altars:
Zin


Innate Abilities, Weirdness & Mutations

You have hooves in place of feet.
Armour fits poorly on your strangely shaped body.
You cover ground very quickly.
You have extremely tough skin. (AC +3)


Message History

The orc wizard hits you but does no damage.
You miss the orc wizard.
The orc wizard is moderately wounded.
You hit the orc. The orc hits you.
The orc wizard hits you but does no damage.
The orc wizard points at you and mumbles some strange words.
The magic dart hits you! The orc hits you.
* * * LOW HITPOINT WARNING * * *
You hit the orc wizard but do no damage.
The orc wizard is moderately wounded.
You barely miss the orc. The orc hits you but does no damage.
The orc wizard hits you but does no damage.
You hit the orc wizard but do no damage.
The orc wizard is moderately wounded.
Your plate armour prevents you from hitting the orc.
You are feeling very hungry.
The orc wizard hits you but does no damage.
The orc hits you but does no damage.
The orc zaps a wand.
You are blasted!
Ouch! That really hurt!
You die...

.o.......# ..
##....###o...
#..o.>o.go...
#....)#.#....
#.....# # #
#.#o....#
#(#.#...#
####o#.###....
#..o@#.# ....
#.#)##.# .....
# #. ..# ....
.. ### ##. ..
#. ##


You could see an orc wizard and an orc.

Vanquished Creatures
  2 orc wizards (D:3)
  5 adders (D:2)
  2 oozes (D:1)
  A worm (D:2)
  A dart slug (D:1)
  2 leopard geckos (D:1)
  5 orcs
  6 bats
  3 giant cockroaches (D:2)
  6 goblins
  6 hobgoblins
  4 jackals (D:1)
  11 kobolds
  2 quokkas (D:2)
  A ball python (D:1)
  4 frilled lizards
  A leopard gecko skeleton (D:2)
  6 rats
68 creatures vanquished.

Notes
Turn   | Place    | Note
-------+----------+-------------------------------------------
     0 | Abyss:1  | Gargoyl the Centaur Abyssal Knight began the quest for the
                  | Orb.
     0 | Abyss:1  | Reached XP level 1. HP: 19/19 MP: 2/2
    88 | Abyss:2  | Noticed a quasit
    94 | Abyss:2  | Noticed a quasit
   133 | Abyss:4  | Found a corrupted altar of Lugonu.
   189 | Abyss:4  | Noticed a thrashing horror
   195 | D:1      | Escaped the Abyss
   320 | D:1      | You fall into a shaft and drop 1 floor!
   327 | D:2      | Reached XP level 2. HP: 26/26 MP: 3/3
   388 | D:1      | Reached * piety under Lugonu
   403 | D:1      | Reached skill level 1 in Dodging
   489 | D:1      | Reached XP level 3. HP: 25/31 MP: 4/4
  1520 | D:2      | Reached XP level 4. HP: 29/40 MP: 5/5
  2003 | D:2      | Reached ** piety under Lugonu
  2427 | D:2      | Found a glowing silver altar of Zin.
  2574 | D:3      | Reached XP level 5. HP: 28/46 MP: 5/7
  2813 | D:3      | Blown up by an orc

Illustrated notes

Levels and vault maps discovered:
D:1:      dpeg_arrival_solitude, layout_loops_ring
D:2:      layout_loops_ring, zin_scriptorium, first_ration,
          minmay_small_reverse_x
D:3:      layout_basic, grunt_decor_one_mirror, roderic_lattice_a

Skill      XL: |  1  2  3 |
---------------+----------+-----
Axes           | 2 |  2.8
Dodging        | 1 |  1.5
Armour         | 2 |  2.5
Fighting       | |  3.9
Invocations    | |  2.9

Action                   |  1- 3 |  4- 6 || total
-------------------------+-------+-------++-------
Melee: Hand axe          |   116 |    94 ||   210
       Kick              |    22 |    12 ||    34
Invok: Depart the Abyss  |     1 |       ||     1
  Use: Scroll            |     6 |     1 ||     7
       Potion            |     1 |       ||     1
  Eat: Chunk             |     1 |     3 ||     4
Armor: Chain mail        |    96 |       ||    96
       Plate armour      |    19 |    85 ||   104
Dodge: Dodged            |    39 |    17 ||    56

Table legend:
 A = Non-vault XP
 B = Vault XP
 C = Vault XP percentage of total XP
 D = Non-vault monster count
 E = Vault monster count
 F = Vault count percentage of total count
                 A         B        C        D         E       F
            +---------+---------+-------+---------+---------+-------
      Total |     252 |      18 |   6.7 |      64 |       4 |   5.9
            +---------+---------+-------+---------+---------+-------
        D:1 |      61 |       0 |   0.0 |      29 |       0 |   0.0
        D:2 |      97 |      18 |  15.7 |      27 |       4 |  12.9
        D:3 |      94 |       0 |   0.0 |       8 |       0 |   0.0
            +---------+---------+-------+---------+---------+-------
